 Dungeon Crawl Stone Soup version 0.31-a0-1591-g515db51633 (webtiles) character file.

Game seed: 17274023192532300993

177 whatisthis the Conjurer (level 5, -6/38 HPs)
             Began as a Draconian Conjurer on Jan 6, 2024.
             Killed by divine providence
             ... invoked by an orc priest
              (16 damage)
             ... on level 4 of the Dungeon.
             The game lasted 00:09:30 (4165 turns).

whatisthis the Conjurer (Draconian Conjurer)        Turns: 4165, Time: 00:09:30

Health: -6/38      AC:  6    Str: 15    XL:     5   Next: 30%
Magic:  7/9        EV: 12    Int: 21    God:
Gold:   164        SH:  0    Dex:  9    Spells: 7/10 levels left

rFire   . . .        g - +0 spear
rCold   . . .        (no shield)
rNeg    . . .        (body armour unavailable)
rPois   .            (helmet restricted)
rElec   .            (no cloak)
rCorr   .            d - +0 pair of gloves
SInv    .            (no boots)
Will    .....        (no amulet)
Stlth   ++           k - +6 ring of strength
HPRegen 0.26/turn    e - ring of flight
MPRegen 0.11/turn

%: no passive effects
@: flying
A: AC +5, unfitting armour, cold-blooded
a: no special abilities


You were on level 4 of the Dungeon.
You visited 1 branch of the dungeon, and saw 4 of its levels.

You collected 164 gold pieces.

Inventory:

Hand Weapons
 g - a +0 spear (weapon)
Missiles
 o - 3 boomerangs (quivered)
Armour
 d - a +0 pair of gloves (worn)
Jewellery
 e - a ring of flight (right hand)
 k - a +6 ring of strength (left hand)
Scrolls
 c - a scroll of immolation {unknown}
 f - 3 scrolls of identify {unknown}
 h - a scroll of teleportation {unknown}
 n - a scroll of brand weapon {unknown}
 p - a scroll of fog {unknown}
Potions
 b - a potion of attraction {unknown}
 i - 3 potions of lignification {unknown}
 j - a potion of curing {unknown}
 l - a potion of enlightenment {unknown}
 m - a potion of heal wounds {unknown}
 q - a potion of degeneration {unknown}


   Skills:
 + Level 3.2 Dodging
 - Level 1.7 Stealth
 + Level 3.3 Spellcasting
 + Level 5.0 Conjurations


You had 7 spell levels left.
You knew the following spells:

 Your Spells              Type           Power      Damage    Failure   Level
a - Magic Dart            Conj           96%        1d7       1%          1
b - Searing Ray           Conj           48%        2d6       2%          2

Your spell library contained the following spells:

 Spells                   Type           Power      Damage    Failure   Level
 Fulminant Prism          Conj/Alch      7%         3d7       41%         4
 Iskenderun's Mystic Bla  Conj/Tloc      14%        2d5       41%         4


Dungeon Overview and Level Annotations

Branches:
Dungeon (4/15)
 Temple: D:4-7

Altars:

Annotations:
D:3 3 runed translucent doors, MisterAzrael's ghost, weakling DgSh; Terence


Innate Abilities, Weirdness & Mutations

Your plain brown scales are hard. (AC +5)
You cannot fit into any form of body armour.
You are cold-blooded and may be slowed by cold attacks.


Message History

Aim: an orc priest, wielding a +0 short sword and wearing a +0 chain mail (moderately wounded, 57% to hit)
You throw a boomerang.
The boomerang barely misses the orc priest.
The orc priest miscasts a cantrip.
Throw: 3 boomerangs
Press: ? - help, Q - select action, (/) - cycle Shift-Dir - straight line, f/p - orc priest
Aim: an orc priest, wielding a +0 short sword and wearing a +0 chain mail (moderately wounded, 57% to hit)
You throw a boomerang.
The boomerang hits the orc priest but does no damage.
The orc priest is moderately wounded.
The orc throws a boomerang.
The boomerang hits you.
The orc priest invokes the aid of Beogh against you.
Beogh smites you!
Casting: Magic Dart (safe; 1% risk of failure)
Confirm with . or Enter, or press ? or * to list all spells.
Aiming: Searing Ray (safe; 2% risk of failure)
Press: ? - help, Shift-Dir - straight line, f/p - orc priest
Aim: an orc priest, wielding a +0 short sword and wearing a +0 chain mail (moderately wounded, 85% to hit)
The searing ray misses the orc priest. (Press . to maintain the ray.)
The orc priest invokes the aid of Beogh against you.
Beogh smites you!
* * * LOW HITPOINT WARNING * * *
The searing ray misses the orc priest.
Magic courses through your body.
Casting: Searing Ray (safe; 2% risk of failure)
Confirm with . or Enter, or press ? or * to list all spells.
Aiming: Searing Ray (safe; 2% risk of failure)
Press: ? - help, Shift-Dir - straight line, f/p - orc priest
Aim: an orc priest, wielding a +0 short sword and wearing a +0 chain mail (moderately wounded, 85% to hit)
The searing ray hits the orc.
The orc is almost dead.
The searing ray hits the orc priest but does no damage.
The orc priest is moderately wounded. (Press . to maintain the ray.)
The orc barely misses you.
The searing ray misses the orc.
The orc misses you.
The orc priest mumbles some strange prayers to Beogh against you.
Beogh smites you!
You die...

#########.##### #..
.............# #.. ####.........#
#.# #......)..# #.# #.........#
#.# #.........# #.##
#.........##### #...
#.........o...###########...
#.........o@......##........
#.................##........
#.................##........
#.................##........
.................##........
########..).....##...†..#.
.....................#.
###############........#########.
...........<.#.................#.


You could see an orc priest and an orc.

Vanquished Creatures
  An orc priest (D:3)
  Robin (D:3)
  4 adders
  2 dart slugs
  2 orcs (D:4)
  6 bats
  13 endoplasms
  2 giant cockroaches
  16 goblins
  8 hobgoblins
  A jackal (D:2)
  3 quokkas
  8 ball pythons
  4 frilled lizards
  6 kobolds
  10 rats
87 creatures vanquished.

Notes
Turn   | Place    | Note
-------+----------+-------------------------------------------
     0 | D:1      | whatisthis the Draconian Conjurer began the quest for the
                  | Orb.
     0 | D:1      | Reached XP level 1. HP: 14/14 MP: 3/3
   243 | D:1      | Reached XP level 2. HP: 20/20 MP: 1/5
   765 | D:1      | Reached XP level 3. HP: 26/26 MP: 4/6
  1210 | D:2      | Learned a level 2 spell: Searing Ray
  2529 | D:3      | Reached XP level 4. HP: 33/33 MP: 2/8
  2866 | D:3      | Noticed Terence
  3091 | D:3      | Found a runed translucent gate.
  3091 | D:3      | Found a runed translucent gate.
  3091 | D:3      | Found a runed translucent gate.
  3091 | D:3      | Noticed MisterAzrael's ghost (weakling DgSh)
  3091 | D:3      | Noticed a kobold brigand
  3318 | D:3      | Noticed Robin
  3322 | D:3      | Reached XP level 5. HP: 34/38 MP: 1/9
  3505 | D:3      | Killed Robin
  3932 | D:4      | Reached skill level 5 in Conjurations
  4165 | D:4      | Killed from afar by an orc priest

Illustrated notes

Levels and vault maps discovered:
D:1:      minmay_arrival_four_houses, layout_basic, due_unseen_surprise
D:2:      layout_basic, st_stairs_11, chequers_big_river
D:3:      cheibrodos_helix_gallery, layout_loops_cross,
          gammafunk_ghost_nasty_kobolds, uniq_terence, uniq_robin
D:4:      minmay_inner_zag, layout_basic, chequers_serial_rivers_micro_b

Skill      XL: |  1  2  3  4  5 |
---------------+----------------+-----
Dodging        | 2 3 |  3.2
Spellcasting   | 3 |  3.3
Conjurations   | 5 |  5.0
Stealth        | |  1.7

Action                     |  1- 3 |  4- 6 || total
---------------------------+-------+-------++-------
  Melee: Unarmed           |    55 |       ||    55
         Tailslap          |     7 |     3 ||    10
         Spear             |     1 |    14 ||    15
  Throw: Boomerang         |       |     3 ||     3
   Cast: Magic Dart        |    92 |    51 ||   143
         Searing Ray       |     6 |    16 ||    22
    Use: Potion            |       |     1 ||     1
   Stab: Sleeping          |       |     1 ||     1
 Armour: Skin              |    37 |    34 ||    71
  Dodge: Dodged            |    32 |    28 ||    60

Table legend: (Time is in decaauts)
 A = Elapsed time spent in this place.
 B = Non-inter-level travel time spent in this place.
 C = Inter-level travel time spent in this place.
 D = Time resting spent in this place.
 E = Time spent auto-exploring this place.
 F = Levels seen in this place.
 G = Mean time per level.
                   A        B        C        D        E       F      G
               +--------+--------+--------+--------+--------+-----+--------+
         Total |   4179 |   4060 |    119 |    565 |   2681 |   4 | 1044.8 |
       Dungeon |   4179 |   4060 |    119 |    565 |   2681 |   4 | 1044.8 |
               +--------+--------+--------+--------+--------+-----+--------+

Top non-repeatable levels by time:
     D:2: 1666 daAuts
     D:1: 1164 daAuts
     D:3: 933 daAuts
     D:4: 416 daAuts
